 Dungeon Crawl Stone Soup version 0.32-a0-290-g598725c5f2 (webtiles) character file.

Game seed: 8351447127099123757

110 lunkers the Gusty (level 4, -5/39 HPs)
             Began as an Oni Air Elementalist on Feb 13, 2024.
             Killed by nerve-wracking pain
             ... invoked by Grinder
              (10 damage)
             ... on level 3 of the Dungeon.
             The game lasted 00:02:52 (2497 turns).

lunkers the Gusty (Oni Air Elementalist)            Turns: 2497, Time: 00:02:52

Health: -5/39      AC:  3    Str: 12    XL:     4   Next: 91%
Magic:  1/9        EV:  9    Int: 18    God:
Gold:   94         SH:  0    Dex:  9    Spells: 0/10 levels left

rFire   . . .        (no weapon)
rCold   . . .        (no shield)
rNeg    . . .        a - +0 robe
rPois   .            (helmet restricted)
rElec   .            (no cloak)
rCorr   .            (gloves unavailable)
SInv    .            (boots unavailable)
Will    .....        (no amulet)
Stlth   +            (no ring)
HPRegen 0.26/turn    (no ring)
MPRegen 0.11/turn

%: no passive effects
@: no status effects
A: large, unfitting armour, horns 1, tough skin 1, double potion healing,
drunken brawling
a: no special abilities


You were on level 3 of the Dungeon.
You visited 1 branch of the dungeon, and saw 3 of its levels.

You collected 94 gold pieces.

Inventory:

Armour
 a - a +0 robe (worn)
Jewellery
 h - a ring of poison resistance
Scrolls
 f - 2 scrolls of identify {unknown}
 j - a scroll of poison {unknown}
 k - a scroll of noise {unknown}
Potions
 b - a potion of magic
 c - a potion of brilliance {unknown}
 d - a potion of cancellation {unknown}
 e - a potion of might {unknown}
 g - a potion of lignification {unknown}
 i - 2 potions of curing {unknown}
 l - a potion of degeneration {unknown}
 m - a potion of heal wounds {unknown}


   Skills:
 - Level 1.7 Dodging
 - Level 1.4 Stealth
 + Level 3.7 Spellcasting
 - Level 0.8 Conjurations
 * Level 4.3 Air Magic


You couldn't memorise any spells.
You knew the following spells:

 Your Spells              Type           Power      Damage    Failure   Level
a - Shock                 Conj/Air       48%        1d6       5%          1
b - Static Discharge      Conj/Air       24%        3-4/arc   8%          2
c - Swiftness             Air            18%        N/A       8%          3
d - Airstrike             Air            9%         2d(2-18)  26%         4

Your spell library contained the following spells:

 Spells                   Type           Power      Damage    Failure   Level


Dungeon Overview and Level Annotations

Branches:
Dungeon (3/15)

Altars:
Yredelemnul

Shops:
D:1 [   D:3 [

Annotations:
D:3 Grinder


Innate Abilities, Weirdness & Mutations

You are too large for most types of armour.
You have a pair of small horns on your head.
You have tough skin. (AC +1)
You gain doubled healing and magic from potions.
Whenever you drink a healing potion, you attack all around you.


Message History

Aiming: Shock (safe; 5% risk of failure)
Press: ? - help, Shift-Dir - straight line The zap hits Grinder.
Grinder is lightly wounded.
The zap hits Grinder.
Grinder is moderately wounded.
Grinder hits you!
* * * LOW HITPOINT WARNING * * *
You writhe in agony.
* * * LOW HITPOINT WARNING * * *
Casting: Shock (safe; 5% risk of failure)
Confirm with . or Enter, or press ? or * to list all spells.
Aiming: Shock (safe; 5% risk of failure)
Press: ? - help, Shift-Dir - straight line The zap misses Grinder.
The zap hits Grinder.
Grinder is moderately wounded.
* * * LOW MAGIC WARNING * * *
Grinder hits you!
* * * LOW HITPOINT WARNING * * *
You writhe in agony.
* * * LOW HITPOINT WARNING * * *
Casting: Shock (safe; 5% risk of failure)
Confirm with . or Enter, or press ? or * to list all spells.
Aiming: Shock (safe; 5% risk of failure)
Press: ? - help, Shift-Dir - straight line The zap hits Grinder.
Grinder is moderately wounded.
The zap hits Grinder.
Grinder is heavily wounded.
* * * LOW MAGIC WARNING * * *
Grinder blinks!
Unknown command.
Unknown command.
Grinder blinks!
Grinder gestures at you. You resist with significant effort.
Grinder gestures at you. Pain shoots through your body!
You die...
Grinder says, "Hey, I wasn't done torturing you yet!"

#.#.#######..####.###########.##
#.#.# #....................#
#.#.########.####.##############
#.#..........# #.#....#
#.############ #.#.##.##### ##)#
#.#.#......# ...# #.#.#..###.#
...###############.#........#
............5...@....∩.>.#######
..)....###########.#<..........#
##...P.# .####.#.....#####.#
#..._..# .........#### #.#
#.§P.P.# ............# #.#
..)....# .........##.# #.#
.....### .........##.# #.#
...### .........##.# #.# ...#
#####+#####.# #.#


You could see Grinder.

Vanquished Creatures
  3 gnolls (D:2)
  An adder (D:2)
  3 ribbon worms (D:2)
  4 orcs (D:3)
  3 bats (D:2)
  An endoplasm (D:2)
  2 giant cockroaches
  2 goblins
  3 hobgoblins (D:2)
  3 jackals (D:2)
  2 quokkas
  3 ball pythons
  3 frilled lizards (D:2)
  2 kobolds (D:1)
  A rat (D:2)
36 creatures vanquished.

Notes
Turn   | Place    | Note
-------+----------+-------------------------------------------
     0 | D:1      | lunkers the Oni Air Elementalist began the quest for the
                  | Orb.
     0 | D:1      | Reached XP level 1. HP: 16/16 MP: 3/3
     6 | D:1      | Noticed a swamp worm
     6 | D:1      | Noticed a polar bear
     7 | D:1      | Noticed a wyvern
   363 | D:1      | Reached skill level 3 in Air Magic
   363 | D:1      | Reached XP level 2. HP: 24/24 MP: 2/5
   542 | D:1      | Learned a level 2 spell: Static Discharge
   542 | D:1      | Found Vesi's Armour Shop.
   980 | D:2      | Found a faded altar of an unknown god.
  1053 | D:2      | Reached XP level 3. HP: 16/31 MP: 0/7
  1742 | D:2      | Reached XP level 4. HP: 39/39 MP: 0/9
  1751 | D:2      | Reached skill level 4 in Air Magic
  1896 | D:2      | Learned a level 3 spell: Swiftness
  1901 | D:2      | Learned a level 4 spell: Airstrike
  2266 | D:3      | Found Jikanan's Antique Armour Emporium.
  2413 | D:3      | Found a basalt altar of Yredelemnul.
  2472 | D:3      | Noticed Grinder
  2497 | D:3      | Killed from afar by Grinder

Illustrated notes

Levels and vault maps discovered:
D:1:      onia_arrival_zoo_common, layout_loops_ring, serial_shops,
          nicolae_shop_back_alley_shop
D:2:      layout_loops_ring, ebering_ecumenical_altar_rust
D:3:      kennysheep_goblin_castle, layout_basic, yredelemnul_altar_generic,
          serial_shops, nicolae_shop_tiny_real_fake_doors,
          nicolae_shop_tiny_real_fake_doors, nicolae_shop_trees, shop,
          serial_bayou_ford_a, nicolae_half_adder, uniq_grinder, uniq_terence

Skill      XL: |  1  2  3  4 |
---------------+-------------+-----
Air Magic      | 3 4 |  4.3
Spellcasting   | 3 |  3.7
Dodging        | |  1.7
Stealth        | |  1.4
Conjurations   | |  0.8

Action                     |  1- 3 |  4- 6 || total
---------------------------+-------+-------++-------
  Melee: Unarmed           |    12 |    14 ||    26
         Headbutt          |       |     2 ||     2
   Cast: Shock             |    78 |    26 ||   104
 Armour: Robe              |    21 |    11 ||    32
  Dodge: Dodged            |    20 |     8 ||    28

Table legend: (Time is in decaauts)
 A = Elapsed time spent in this place.
 B = Non-inter-level travel time spent in this place.
 C = Inter-level travel time spent in this place.
 D = Time resting spent in this place.
 E = Time spent auto-exploring this place.
 F = Levels seen in this place.
 G = Mean time per level.
                   A        B        C        D        E       F      G
               +--------+--------+--------+--------+--------+-----+--------+
         Total |   2496 |   2449 |     47 |     76 |   2091 |   3 |  832.0 |
       Dungeon |   2496 |   2449 |     47 |     76 |   2091 |   3 |  832.0 |
               +--------+--------+--------+--------+--------+-----+--------+

Top non-repeatable levels by time:
     D:2: 1546 daAuts
     D:1: 719 daAuts
     D:3: 230 daAuts
